 Dungeon Crawl Stone Soup version 0.18.1-48-g4cf74bf (webtiles) character file.

467 Joat the Grave Robber (level 6, -6/49 HPs)
             Began as a Deep Dwarf Necromancer on Aug 5, 2016.
             Was a Follower of Okawaru.
             Mangled by an ogre
             ... wielding a +0 giant club
              (9 damage)
             ... on level 4 of the Dungeon.
             The game lasted 01:07:06 (6092 turns).

Joat the Grave Robber (Deep Dwarf Necromancer)      Turns: 6092, Time: 01:07:06

Health: -6/49      AC:  9    Str: 11    XL:     6   Next: 81%
Magic:  3/9        EV: 12    Int: 18    God:    Okawaru [*.....]
Gold:   222        SH:  5    Dex: 13    Spells: 3 memorised, 1 level left

rFire  . . .     SeeInvis .     z - +2 falchion (protect)
rCold  . . .     Gourm    .     n - +0 robe
rNeg   . . .     Faith    .     t - +0 buckler
rPois  .         Spirit   .     B - +1 helmet
rElec  .         Dismiss  .     (no cloak)
rCorr  .         Reflect  .     (no gloves)
SustAt .         Harm     .     (no boots)
MR     .....                    (no amulet)
Stlth  ++........               (no ring)
                                (no ring)

@: non-regenerating, not resistant to hostile enchantments, unstealthy
A: damage resistance, recharge devices, sense surroundings 1, slow regeneration
3
a: Device Recharging, Heroism, Renounce Religion


You were on level 4 of the Dungeon.
You worshipped Okawaru.
Okawaru was aware of your devotion.
You were not hungry.

You visited 2 branches of the dungeon, and saw 5 of its levels.

You collected 222 gold pieces.

Inventory:

Hand Weapons
 a - a +4 dagger
 p - a +1 quarterstaff of protection
 q - a +0 short sword
 z - a +2 falchion of protection (weapon)
 C - a +3 whip
 D - a +0 hunting sling of evasion
 G - a +0 spear of venom
 M - a +2 flail of protection
Missiles
 f - 138 arrows
 h - 166 stones (quivered)
 y - 36 sling bullets
Armour
 n - a +0 robe (worn)
 t - a +0 buckler (worn)
 w - a +0 ring mail
 B - a +1 helmet (worn)
 F - a +0 leather armour
 N - a +0 chain mail
Magical Staves
 H - an uncursed staff of fire
Jewellery
 E - an uncursed amulet of guardian spirit
Wands
 c - a wand of heal wounds (4/9)
Scrolls
 e - 3 scrolls of immolation {unknown}
 g - 2 scrolls of remove curse {unknown}
 j - 5 scrolls of identify {unknown}
 k - a scroll of teleportation {unknown}
 u - a scroll of magic mapping {unknown}
 J - a scroll of blinking {unknown}
 L - a scroll of amnesia {unknown}
Potions
 l - a potion of resistance {unknown}
 m - 2 potions of brilliance {unknown}
 o - a potion of cancellation {unknown}
 r - a potion of cure mutation {unknown}
 s - 3 potions of might {unknown}
 I - 3 potions of curing {unknown}
 K - a potion of magic {unknown}
Books
 b - a book of Necromancy

   Spells                             Type                      Level
   a - Pain                           Necromancy                   1
   b - Animate Skeleton               Necromancy                   1
   c - Vampiric Draining              Necromancy                   3
   d - Regeneration                   Charms/Necromancy            3
   e - Animate Dead                   Necromancy                   4
   f - Control Undead                 Necromancy                   4
Comestibles
 d - 6 bread rations
 i - 2 chunks of flesh
 v - a slice of pizza
 x - 2 meat rations


   Skills:
 - Level 2.1 Dodging
 - Level 2.4 Stealth
 - Level 5.3 Shields
 - Level 2.0 Spellcasting
 - Level 7.0 Necromancy
 + Level 0.0 Evocations


You had one spell level left.
You knew the following spells:

 Your Spells              Type           Power        Failure   Level  Hunger
a - Pain                  Necr           ####         1%          1    #......
b - Vampiric Draining     Necr           ####......   2%          3    ###....
c - Animate Dead          Necr           N/A          12%         4    #####..


Dungeon Overview and Level Annotations

Branches:
Dungeon (4/15)             Temple (1/1) D:4

Altars:
Ashenzari
Cheibriados
Fedhas
Gozag
Kikubaaqudgha
Nemelex Xobeh
Okawaru
Qazlal
Sif Muna
Trog
Vehumet
Xom
Yredelemnul
The Shining One

Shops:
D:4 [


Innate Abilities, Weirdness & Mutations

You are resistant to damage.
You can recharge devices by infusing magical energy.
You passively map a small area around you.
You do not regenerate naturally.


Message History

* * * LOW HITPOINT WARNING * * *
Casting: Pain
Confirm with . or Enter, or press ? or * to list all spells.
Aiming: Pain
Press: ? - help, Shift-Dir - straight line, f/p - ogre
Aim: an ogre, wielding a giant club (severely wounded, chance to defeat MR: 84%)
The ogre convulses in agony!
The ogre barely misses you.
Casting: Pain
Confirm with . or Enter, or press ? or * to list all spells.
Aiming: Pain
Press: ? - help, Shift-Dir - straight line, f/p - ogre
Aim: an ogre, wielding a giant club (severely wounded, chance to defeat MR: 84%)
The ogre barely resists.
Casting: Pain
Confirm with . or Enter, or press ? or * to list all spells.
Aiming: Pain
Press: ? - help, Shift-Dir - straight line, f/p - ogre
Aim: an ogre, wielding a giant club (severely wounded, chance to defeat MR: 84%)
The ogre convulses in agony!
The ogre hits you with a giant club!
You die...

#.# #...##
#########.###.....
#..............###
#.#######.####.### #.#
#............. #.#
#.######.#.### #.#
#...# #.#.# #
#######.#####.# #.#.#*#
#......@......####.#..
.
##.###O#########...###
#
#.#...............#####
#.#.#.########.........
##.#.#.# #.########
#....#.# #'#* *
##...#.# #........(.
#.#.#.# #.........>
#.#.#.# #..........


You could see an ogre.

Vanquished Creatures
  A jelly (D:3)
  A giant frog skeleton (D:4)
  An orc priest (D:3)
  2 orc wizards (D:4)
  Jessica (D:3)
  2 iguanas (D:4)
  A worker ant (D:4)
  Robin (D:2)
  3 gnolls
  3 adders
  An ooze (D:2)
  A worm (D:3)
  3 dart slugs
  3 giant geckos
  19 orcs
  3 giant cockroaches
  18 goblins
  10 hobgoblins
  13 jackals
  5 kobolds
  4 quokkas
  6 ball pythons
  10 bats
  5 giant newts
  12 rats
  A fungus (D:3)
130 creatures vanquished.

Notes
Turn   | Place    | Note
--------------------------------------------------------------
     0 | D:1      | Joat the Deep Dwarf Necromancer began the quest for the Orb.
     0 | D:1      | Reached XP level 1. HP: 15/15 MP: 3/3
   578 | D:1      | Reached XP level 2. HP: 16/22 MP: 3/5
   721 | D:1      | Reached skill level 5 in Necromancy
  1001 | D:1      | Reached XP level 3. HP: 28/28 MP: 4/6
  1369 | D:2      | Learned a level 3 spell: Vampiric Draining
  1935 | D:2      | Noticed Robin
  1990 | D:2      | Killed Robin
  1990 | D:2      | Reached skill level 6 in Necromancy
  1990 | D:2      | Reached XP level 4. HP: 36/36 MP: 3/7
  2981 | D:2      | Reached XP level 5. HP: 23/42 MP: 0/8
  3220 | D:3      | Reached skill level 7 in Necromancy
  3308 | D:3      | Noticed Jessica
  3310 | D:3      | Killed Jessica
  3310 | D:3      | Reached skill level 1 in Shields
  3314 | D:3      | Found a shattered altar of Ashenzari.
  3556 | D:3      | Found a faded altar to an unknown god.
  4380 | D:3      | Reached XP level 6. HP: 49/49 MP: 7/9
  4812 | D:4      | Learned a level 4 spell: Animate Dead
  4924 | D:4      | Found Kycafol's Armour Boutique.
  4955 | D:4      | 219
  5056 | D:4      | Found a staircase to the Ecumenical Temple.
  5068 | Temple   | Entered the Ecumenical Temple
  5729 | D:3      | Became a worshipper of Warmaster Okawaru
  5729 | D:3      | Reached * piety under Okawaru
  5882 | D:4      | Reached skill level 5 in Shields
  5921 | D:4      | Found a radiant altar of Vehumet.
  6092 | D:4      | Mangled by an ogre

Skill      XL: |  1  2  3  4  5  6 |
---------------+-------------------+-----
Spellcasting   | 2 |  2.0
Necromancy     | 5 6 7 |  7.0
Shields        | 3 5 |  5.3
Dodging        | |  2.1
Stealth        | |  2.4

Action                   |  1- 3 |  4- 6 || total
-------------------------+-------+-------++-------
Melee: Unarmed           |     3 |       ||     3
       Short sword       |    13 |       ||    13
       Falchion          |       |    50 ||    50
 Fire: Hunting sling     |       |    18 ||    18
Throw: Stone             |       |     4 ||     4
 Cast: Pain              |    76 |   129 ||   205
       Vampiric Draining |     1 |    17 ||    18
       Animate Dead      |       |     2 ||     2
Evoke: Wand              |     1 |       ||     1
 Stab: Sleeping          |     5 |       ||     5
  Eat: Chunk             |     5 |    15 ||    20
       Beef jerky        |       |     1 ||     1
Armor: Robe              |     5 |    23 ||    28
Dodge: Dodged            |    22 |    48 ||    70
Block: Buckler           |       |     5 ||     5
